 Dungeon Crawl Stone Soup version 0.18.1-48-g4cf74bf (webtiles) character file.

3842 Heedrag the Destroyer (level 9, -6/45 HPs)
             Began as a Deep Elf Conjurer on July 24, 2016.
             Was a Follower of Vehumet.
             Killed from afar by Psyche (8 damage)
             ... with a puff of frost
             ... on level 8 of the Dungeon.
             The game lasted 00:28:16 (9796 turns).

Heedrag the Destroyer (Deep Elf Conjurer)           Turns: 9796, Time: 00:28:17

Health: -6/45      AC:  4    Str:  8    XL:     9   Next: 98%
Magic:  5/25       EV: 16    Int: 21    God:    Vehumet [*.....]
Gold:   410        SH:  0    Dex: 15    Spells: 4 memorised, 15 levels left

rFire  . . .     SeeInvis .     M - staff of conjuration
rCold  . . .     Gourm    +     a - +0 robe
rNeg   . . .     Faith    .     (no shield)
rPois  .         Spirit   .     (no helmet)
rElec  .         Dismiss  .     l - +0 cloak
rCorr  .         Reflect  .     i - +0 pair of gloves
SustAt +         Harm     .     (no boots)
MR     .....                    e - amulet of the gourmand
Stlth  +++.......               S - ring of sustain attributes
                                o - ring of wizardry

@: very slightly contaminated, not resistant to hostile enchantments, fairly
stealthy
A: no striking features
a: Renounce Religion


You were on level 8 of the Dungeon.
You worshipped Vehumet.
Vehumet was aware of your devotion.
You were completely stuffed.

You visited 2 branches of the dungeon, and saw 9 of its levels.

You collected 410 gold pieces.

Inventory:

Hand Weapons
 k - a +0 club
 p - a +0 rapier
 O - a +0 vampiric short sword
Missiles
 s - 4 curare-tipped needles
Armour
 a - a +0 robe (worn)
 i - a +0 pair of gloves (worn)
 l - a +0 cloak (worn)
Magical Staves
 M - an uncursed staff of conjuration (weapon)
Jewellery
 e - an amulet of the gourmand (around neck)
 o - a ring of wizardry (left hand)
 C - an uncursed amulet of magic regeneration {unknown}
 D - an uncursed ring of fire
 E - an uncursed ring of positive energy
 N - an uncursed amulet of dismissal {unknown}
 S - a ring of sustain attributes (right hand)
Wands
 T - a wand of lightning (6/15)
Scrolls
 d - 5 scrolls of remove curse {unknown}
 h - 12 scrolls of identify {unknown}
 m - 3 scrolls of fear {unknown}
 n - 2 scrolls of magic mapping {unknown}
 u - 3 scrolls of recharging {unknown}
 v - 4 scrolls of teleportation {unknown}
 w - 3 scrolls of enchant armour {unknown}
 x - 2 scrolls of random uselessness {unknown}
 y - 3 scrolls of enchant weapon {unknown}
 F - a scroll of blinking {unknown}
 Q - 2 scrolls of amnesia {unknown}
Potions
 g - 5 potions of curing {unknown}
 j - 3 potions of haste {unknown}
 q - a potion of brilliance {unknown}
 r - 2 potions of might {unknown}
 z - a potion of degeneration {unknown}
 B - a potion of cure mutation {unknown}
 G - 2 potions of magic {unknown}
 I - 4 potions of heal wounds {unknown}
 J - a potion of berserk rage {unknown}
 K - a potion of experience {unknown}
 L - a potion of flight {unknown}
 P - a potion of lignification {unknown}
 R - a potion of agility
 U - 2 potions of mutation {unknown}
Books
 b - a book of Conjurations

   Spells                             Type                      Level
   a - Magic Dart                     Conjuration                  1
   b - Searing Ray                    Conjuration                  2
   c - Dazzling Spray                 Conjuration/Hexes            3
   d - Fulminant Prism                Conjuration/Hexes            4
   e - Iskenderun's Mystic Blast      Conjuration                  4
   f - Iskenderun's Battlesphere      Conjuration/Charms           5
Comestibles
 c - 7 bread rations
 f - 2 slices of pizza
 t - 2 meat rations
 A - 6 fruits
 H - a beef jerky


   Skills:
 + Level 7.2 Dodging
 - Level 5.0 Stealth
 + Level 10.1 Spellcasting
 * Level 11.9 Conjurations


You had 15 spell levels left.
You knew the following spells:

 Your Spells              Type           Power        Failure   Level  Hunger
a - Magic Dart            Conj           ####         1%          1    None
b - Dazzling Spray        Conj/Hex       ######       1%          3    None
c - Iskenderun's Mystic   Conj           ######..     1%          4    ##.....
d - Iskenderun's Battles  Conj/Chrm      ######..     7%          5    ####...


Dungeon Overview and Level Annotations

Branches:
Dungeon (8/15)             Temple (1/1) D:6
   Lair: D:8-11

Altars:
Ashenzari
Cheibriados
Dithmenos
Elyvilon
Fedhas
Gozag
Kikubaaqudgha
Makhleb
Nemelex Xobeh
Okawaru
Pakellas
Qazlal
Ru
Sif Muna
Trog
Vehumet
Xom
Yredelemnul
Zin
The Shining One

Shops:
D:4 (

Annotations:
D:8 Psyche


Message History

Ye dinnae haf enough magic ta cast tha spell.
Castin': Iskenderun's Mestic Blast Confirm wit' . or Enter, or press ? or * ta list all spells.
Ye dinnae haf enough magic ta cast tha spell.
A puff o' frost appears from outta thin air!
Tha puff o' frost misses ye.
A puff o' flame appears from outta thin air!
Tha puff o' flame misses ye.
Somethin' barely misses ye.
Ye hear some strange, mumbled words.
A puff o' flame appears from outta thin air!
Tha puff o' flame hits ye!
* * * LOW HITPOINT WARNIN'
* * * Ye hear a zap.
A bolt o' lightnin' appears from outta thin air!
Tha bolt o' lightnin' misses ye.
Ye hear some strange, mumbled words.
A puff o' frost appears from outta thin air!
Tha puff o' frost hits ye!
Ye die...

#.. #.........# #.# # ...
#.........###'######## #.#
#.#######............# #.#
#.#######............#
####.#######....................#
>..........................##'###
.###.##############.######..#.###
.###.##############.#### ##.#....
................@.............<..
.....##........####.#######+#####
#######'######.# #.........#.#
#.........#.. #.........####
#.........# #!........#
#.........# #


There were no monsters in sight!

Vanquished Creatures
  A troll (D:8)
  The ghost of Heedrag the Thaumaturge, an amateur DECj (D:4)
  A hippogriff (D:8)
  Duvessa (D:4)
  4 sky beasts
  An orc warrior (D:6)
  2 black bears
  4 ogres
  2 phantoms
  2 centaurs
  A big kobold (D:7)
  7 giant frogs
  Dowan (D:4)
  3 scorpions
  4 howler monkeys
  A crimson imp (D:6)
  2 giant frog zombies (D:6)
  A jelly (D:7)
  3 orc wizards
  3 orc priests
  A hound (D:5)
  Terence (D:2)
  2 iguanas
  9 worker ants
  A hound zombie (D:7)
  A hound skeleton (D:6)
  A worker ant zombie (D:5)
  15 gnolls
  9 adders
  A shadow imp (D:8)
  An ooze (D:2)
  3 adder skeletons
  2 dart slugs (D:3)
  4 worms
  5 giant geckos
  23 orcs
  4 giant cockroaches
  6 goblins
  4 hobgoblins
  7 jackals (D:1)
  2 quokkas
  4 ball pythons
  12 bats
  5 giant newts
  13 kobolds
  2 quokka skeletons
  14 rats
197 creatures vanquished.

Notes
Turn   | Place    | Note
--------------------------------------------------------------
     0 | D:1      | Heedrag the Deep Elf Conjurer began the quest for the Orb.
     0 | D:1      | Reached XP level 1. HP: 10/10 MP: 6/6
    93 | D:1      | Reached XP level 2. HP: 15/15 MP: 5/8
   391 | D:1      | Reached XP level 3. HP: 12/19 MP: 0/11
   649 | D:1      | Learned a level 3 spell: Dazzling Spray
  1047 | D:2      | Reached skill level 5 in Spellcasting
  1085 | D:2      | Reached skill level 5 in Conjurations
  1130 | D:2      | Noticed Terence
  1930 | D:2      | Reached XP level 4. HP: 15/24 MP: 9/13
  2233 | D:3      | Reached XP level 5. HP: 28/28 MP: 0/15
  2419 | D:3      | Learned a level 4 spell: Iskenderun's Mystic Blast
  2492 | D:3      | Reached skill level 6 in Conjurations
  2993 | D:3      | Found a stormy altar of Qazlal.
  3005 | D:3      | Found an ancient bone altar of Kikubaaqudgha.
  3472 | D:4      | Noticed an ogre
  3478 | D:4      | Killed an ogre
  3478 | D:4      | Reached XP level 6. HP: 32/32 MP: 1/17
  3614 | D:4      | Found an opulent altar of Gozag.
  3727 | D:4      | Found Tatiocs's Antique Weapon Shop.
  3784 | D:4      | Noticed Heedrag's ghost (amateur DECj)
  3789 | D:4      | Killed Heedrag's ghost
  3789 | D:4      | Reached skill level 7 in Conjurations
  3888 | D:4      | Found a sparkling altar of Nemelex Xobeh.
  3889 | D:4      | Found a white marble altar of Elyvilon.
  3889 | D:4      | Found a glowing silver altar of Zin.
  3971 | D:4      | Reached XP level 7. HP: 36/36 MP: 11/18
  4138 | D:5      | Entered Level 5 of the Dungeon
  4139 | D:5      | Noticed Duvessa
  4144 | D:5      | Noticed Dowan
  4286 | D:2      | Killed Terence
  5029 | D:4      | Reached skill level 5 in Stealth
  5029 | D:4      | Reached skill level 8 in Conjurations
  5488 | D:5      | Reached XP level 8. HP: 39/41 MP: 1/21
  5939 | D:5      | Reached skill level 9 in Conjurations
  6519 | D:6      | Found a staircase to the Ecumenical Temple.
  6537 | Temple   | Entered the Ecumenical Temple
  6544 | Temple   | Became a worshipper of Vehumet
  6563 | D:6      | Found a shattered altar of Ashenzari.
  7065 | D:6      | Reached skill level 5 in Dodging
  7065 | D:6      | Reached skill level 10 in Conjurations
  7258 | D:6      | Reached XP level 9. HP: 43/45 MP: 9/23
  7407 | D:6      | Reached * piety under Vehumet
  7407 | D:6      | Offered knowledge of Flame Tongue by Vehumet.
  7649 | D:6      | Found a snail-covered altar of Cheibriados.
  7992 | D:4      | Found an iron altar of Okawaru.
  8158 | D:4      | Found a sparkling altar of Nemelex Xobeh.
  8164 | D:4      | Killed Duvessa
  8166 | D:4      | Killed Dowan
  8309 | D:7      | Reached skill level 11 in Conjurations
  8410 | D:7      | Learned a level 5 spell: Iskenderun's Battlesphere
  9474 | D:8      | Noticed a troll
  9483 | D:8      | Killed a troll
  9483 | D:8      | Reached skill level 10 in Spellcasting
  9778 | D:8      | Noticed Psyche
  9794 | D:8      | HP: 1/45 [something/puff of flame (4)]
  9796 | D:8      | Killed from afar by Psyche

Skill      XL: |  1  2  3  4  5  6  7  8  9 |
---------------+----------------------------+-----
Spellcasting   | 4 5 6 7 8 10 | 10.1
Conjurations   | 5 6 7 8 10 11 | 11.9
Stealth        | 3 4 5 |  5.0
Dodging        | 3 5 7 |  7.2

Action                   |  1- 3 |  4- 6 |  7- 9 || total
-------------------------+-------+-------+-------++-------
Melee: Unarmed           |     5 |       |       ||     5
       Rapier            |       |     8 |    21 ||    29
       Staff             |       |       |     2 ||     2
 Cast: Magic Dart        |   103 |    91 |   341 ||   535
       Dazzling Spray    |     1 |    10 |    66 ||    77
       Iskenderun's Myst |       |     3 |    41 ||    44
 Stab: Invisible         |       |       |     2 ||     2
  Eat: Chunk             |    19 |     6 |    22 ||    47
Armor: Robe              |     7 |     6 |    27 ||    40
Dodge: Dodged            |    22 |    25 |   122 ||   169
